 Dungeon Crawl Stone Soup version 0.21.1-1-g345015f (webtiles) character file.

674 thiefofnight the Shield-Bearer (level 7, -4/63 HPs)
             Began as a Deep Dwarf Fighter on May 2, 2018.
             Slain by an ogre
             ... wielding a +0 giant spiked club
              (23 damage)
             ... on level 5 of the Dungeon on May 3, 2018.
             The game lasted 00:16:22 (3633 turns).

thiefofnight the Shield-Bearer (Deep Dwarf Fighter) Turns: 3633, Time: 00:16:23

Health: -4/63      AC:  8    Str: 22    XL:     7   Next: 33%
Magic:  4/4        EV: 11    Int:  8    God:
Gold:   172        SH: 11    Dex: 14    Spells: 6/6 levels left

rFire    . . .     SeeInvis .   a - +0 long sword
rCold    + . .     Gourm    .   c - +1 shield
rNeg     . . .     Faith    .   b - +0 scale mail
rPois    .         Spirit   .   k - +0 helmet
rElec    +         Reflect  .   (no cloak)
rCorr    .         Harm     .   (no gloves)
MR       +....                  (no boots)
Stlth    ..........             h - amulet of rage
HPRegen  0.00/turn              n - ring of protection from cold
MPRegen  0.09/turn              (no ring)

@: non-regenerating
A: damage resistance, heal wounds, repulsion field 1, agile 1, sense
surroundings 1, screaming 1, electricity resistance, no regeneration
a: Heal Wounds, Evoke Berserk Rage


You were on level 5 of the Dungeon.
You were not hungry.

You visited 1 branch of the dungeon, and saw 5 of its levels.

You collected 172 gold pieces.

Inventory:

Hand Weapons
 a - a +0 long sword (weapon)
Armour
 b - a +0 scale mail (worn)
 c - a +1 shield (worn)
 k - a +0 helmet (worn)
Jewellery
 h - an amulet of rage (around neck)
 n - a ring of protection from cold (left hand)
 r - a cursed -3 ring of protection
Wands
 d - a wand of polymorph (2)
Scrolls
 e - 2 scrolls of random uselessness
 g - a scroll of identify
 p - 2 scrolls of remove curse
 q - 3 scrolls of magic mapping {unknown}
 s - 4 scrolls of teleportation {unknown}
 u - a scroll of fog {unknown}
Potions
 j - a potion of resistance
 l - 2 potions of agility {unknown}
 o - 3 potions of lignification {unknown}
 t - 2 potions of degeneration {unknown}
Books
 i - a book of Minor Magic

   Spells                             Type                      Level
   a - Magic Dart                     Conjuration                  1
   b - Blink                          Translocation                2
   c - Call Imp                       Summoning                    2
   d - Slow                           Hexes                        2
   e - Conjure Flame                  Conjuration/Fire             3
   f - Mephitic Cloud                 Conjuration/Poison/Air       3
Comestibles
 f - 8 rations
 m - 8 chunks of flesh


   Skills:
 + Level 3.7 Fighting
 + Level 4.7 Long Blades
 + Level 5.1 Armour
 + Level 2.2 Dodging
 + Level 1.5 Stealth
 + Level 5.3 Shields
 + Level 0.1 Unarmed Combat
 + Level 0.5 Evocations


You had 6 spell levels left.
You didn't know any spells.

Dungeon Overview and Level Annotations

Branches:
Dungeon (5/15)
 Temple: D:4-7

Altars:
Ru
Vehumet

Annotations:
D:4 exclusion: statue


Innate Abilities, Weirdness & Mutations

You are resistant to damage.
You can heal yourself by infusing magical energy.
You passively map a small area around you.
You do not regenerate.
You are surrounded by a mild repulsion field. (EV +2)
You are agile. (Dex +2)
You occasionally shout uncontrollably at your foes.
You are resistant to electric shocks. (rElec)


Message History

You barely miss the ogre.
The ogre is moderately wounded.
You block the ogre's attack.
You hit the ogre.
The ogre is moderately wounded.
You block the ogre's attack.
You barely miss the ogre.
The ogre is moderately wounded.
The ogre hits you with a giant spiked club!
Your shield and scale mail prevent you from hitting the ogre.
The ogre is moderately wounded.
The ogre hits you with a giant spiked club!
You are too injured to fight recklessly!
You are too injured to fight recklessly!
You are too injured to fight recklessly!
You are too injured to fight recklessly!
You barely miss the ogre.
The ogre is moderately wounded.
The ogre hits you with a giant spiked club!!
You die...

### ,#.# * #.. *
..# #.. , , ,#.# *
* #O# * ,#@# , #.#
### #######+#.#, *
...#####........%#
##..#<##.........#
*
....#.##.........#
*
###.#..........#.#
.##..###########.#
.....## #.#, , ,


You could see an ogre.

Vanquished Creatures
  Grinder (D:3)
  A phantom (D:4)
  A centaur (D:5)
  Jessica (D:3)
  3 orc wizards
  3 worker ants (D:4)
  The ghost of Iko the Chopper, a weakling DEBe of Trog (D:3)
  5 adders
  An ooze (D:3)
  A worm (D:4)
  2 dart slugs (D:1)
  4 leopard geckos
  2 orcs
  2 ball pythons
  2 giant cockroaches (D:2)
  4 goblins
  7 hobgoblins
  4 jackals (D:1)
  2 quokkas
  12 bats
  4 frilled lizards
  6 kobolds
  4 rats
73 creatures vanquished.

Notes
Turn   | Place    | Note
-------+----------+-------------------------------------------
     0 | D:1      | thiefofnight the Deep Dwarf Fighter began the quest for the Orb.
     0 | D:1      | Reached XP level 1. HP: 20/20 MP: 1/1
    75 | D:1      | Reached XP level 2. HP: 22/27 MP: 2/2
   668 | D:1      | Reached XP level 3. HP: 31/34 MP: 3/3
  1589 | D:3      | Noticed Jessica
  1600 | D:3      | Killed Jessica
  1600 | D:3      | Reached XP level 4. HP: 29/42 MP: 4/4
  1787 | D:3      | Noticed Iko's ghost (weakling DEBe)
  1790 | D:3      | Killed Iko's ghost
  1790 | D:3      | Reached skill level 1 in Stealth
  1838 | D:3      | Reached skill level 1 in Dodging
  1839 | D:3      | Reached XP level 5. HP: 49/49 MP: 5/5
  1910 | D:3      | Noticed Grinder
  1923 | D:3      | Paralysed by Grinder for 6 turns
  1934 | D:3      | Killed Grinder
  1934 | D:3      | Reached XP level 6. HP: 23/56 MP: 6/6
  2424 | D:4      | Reached skill level 5 in Shields
  2556 | D:4      | Reached XP level 7. HP: 59/63 MP: 7/7
  2647 | D:4      | Found a radiant altar of Vehumet.
  2675 | D:4      | Reached skill level 5 in Armour
  3101 | D:5      | Entered Level 5 of the Dungeon
  3440 | D:5      | Found a sacrificial altar of Ru.
  3559 | D:5      | Gained mutation: You are resistant to electric shocks. (rElec) [potion of mutation]
  3559 | D:5      | Gained mutation: You occasionally shout uncontrollably at your foes. [potion of mutation]
  3559 | D:5      | Gained mutation: You are agile. (Dex +2) [potion of mutation]
  3559 | D:5      | Gained mutation: You are surrounded by a mild repulsion field. (EV +2) [potion of mutation]
  3633 | D:5      | Slain by an ogre

Skill      XL: |  1  2  3  4  5  6  7 |
---------------+----------------------+-----
Fighting       | 3 |  3.7
Shields        | 4 5 |  5.3
Stealth        | 1 |  1.5
Long Blades    | 3 4 |  4.7
Dodging        | 1 2 |  2.2
Armour         | 4 5 |  5.1
Unarmed Combat | |  0.1
Evocations     | |  0.5

Action                   |  1- 3 |  4- 6 |  7- 9 || total
-------------------------+-------+-------+-------++-------
Melee: Long sword        |   171 |   112 |    66 ||   349
       Unarmed           |       |     2 |       ||     2
 Abil: Heal Wounds       |     3 |     3 |     4 ||    10
       Evoke Berserk Rag |       |     1 |       ||     1
  Use: Scroll            |     4 |     2 |     4 ||    10
       Potion            |       |     1 |     1 ||     2
 Stab: Paralysed         |       |       |     1 ||     1
  Eat: Chunk             |     3 |     4 |     2 ||     9
       Ration            |       |       |     1 ||     1
Armor: Scale mail        |   110 |    59 |    10 ||   179
       Skin              |       |     2 |       ||     2
Dodge: Dodged            |    57 |    41 |    15 ||   113
Block: Shield            |   127 |    75 |    39 ||   241
       Rpst.: Long sword |    18 |     9 |     3 ||    30
